 Dungeon Crawl Stone Soup version 0.23-a0-270-gab6feb3 (webtiles) character file.

830 Amnesiac the Digger (level 7, -2/50 HPs)
             Began as a Ghoul Earth Elementalist on Oct 1, 2018.
             Was a Follower of Vehumet.
             Slain by Sigmund
             ... wielding a +0 scythe
              (17 damage)
             ... on level 3 of the Dungeon.
             The game lasted 00:17:41 (6278 turns).

Amnesiac the Digger (Ghoul Earth Elementalist)      Turns: 6278, Time: 00:17:42

Health: -2/50      AC:  4    Str: 12    XL:     7   Next: 97%
Magic:  12/12      EV: 12    Int: 12    God:    Vehumet [*.....]
Gold:   203        SH:  5    Dex:  9    Spells: 3/14 levels left

rFire    . . .     SeeInvis .   g - +0 falchion
rCold    + . .     Gourm    .   a - +1 buckler
rNeg     + + +     Faith    .   c - +0 robe
rPois    ∞         Spirit   .   q - +1 helmet
rElec    .         Reflect  .   (no cloak)
rCorr    .         Harm     .   (no gloves)
MR       .....                  (no boots)
Stlth    ++........             (no amulet)
HPRegen  0.00/turn              (no ring)
MPRegen  0.13/turn              (no ring)

@: rotting
A: rotting body, claws 1, carnivore, cold resistance 1, negative energy
resistance 3, inhibited regeneration, torment resistance, unbreathing
a: Renounce Religion


You were on level 3 of the Dungeon.
You worshipped Vehumet.
Vehumet was aware of your devotion.
You were not hungry.

You visited 1 branch of the dungeon, and saw 5 of its levels.

You collected 203 gold pieces.

Inventory:

Hand Weapons
 g - a +0 falchion (weapon)
 r - a +0 blowgun
Missiles
 l - 13 stones (quivered)
 s - 46 poisoned needles
Armour
 a - a +1 buckler (worn)
 c - a +0 robe (worn)
 q - a +1 helmet (worn)
Wands
 t - a wand of random effects (39)
Scrolls
 b - 2 scrolls of enchant armour {!r}
 f - 2 scrolls of teleportation {!r}
 h - 5 scrolls of remove curse {!r}
 i - a scroll of amnesia {!r}
 j - 2 scrolls of fear {!r}
 k - a scroll of fog {!r}
 m - a scroll of blinking {!r}
 n - 4 scrolls of identify {!r}
 o - a scroll of enchant weapon {!r}
Potions
 e - 4 potions of curing {!q, unknown}
Comestibles
 d - 5 rations


   Skills:
 - Level 1.7 Dodging
 - Level 2.1 Stealth
 + Level 3.3 Shields
 - Level 4.0 Spellcasting
 - Level 0.8 Transmutations
 * Level 7.7 Earth Magic


You had 3 spell levels left.
You knew the following spells:

 Your Spells              Type           Power        Failure   Level  Hunger
a - Stone Arrow           Conj/Erth      ##....       14%         3    ###....
b - Passwall              Tmut/Erth      ##......     6%          2    ##.....
c - Sandblast             Erth           ###...       1%          1    #......
d - Lee's Rapid Deconstr  Erth           ###.......   28%         5    ######.

Your spell library contained the following spells:

 Spells                   Type           Power        Failure   Level  Hunger
 Magic Dart               Conj           #...         24%         1    #......
 Petrify                  Tmut/Erth      ##......     38%         4    #####..


Dungeon Overview and Level Annotations

Branches:
Dungeon (5/15)
 Temple: D:4-7

Altars:
Gozag
Ru
Vehumet
Zin

Annotations:
D:3 Sigmund
D:4 Ijyb


Innate Abilities, Weirdness & Mutations

Your body is rotting away.
You thrive on raw meat.
You are immune to poison.
You have sharp fingernails.
You are carnivorous and can eat meat at any time.
Your flesh is cold resistant. (rC+)
You are immune to negative energy. (rN+++)
You do not regenerate when monsters are visible.
You are immune to unholy pain and torment.
You can survive without breathing.


Message History

You hit the quokka.
The quokka is lightly wounded.
You block the quokka's attack. The quokka bites you.
You hit the quokka.
The quokka is heavily wounded.
The quokka closely misses you.
You closely miss the quokka.
The quokka is heavily wounded.
The quokka twitches its whiskers.
The quokka bites you but does no damage. x2
You closely miss the quokka.
The quokka is heavily wounded.
You block the quokka's attack.
The quokka bites you but does no damage.
You closely miss the quokka.
The quokka is heavily wounded.
The quokka bites you.
You closely miss the quokka.
The quokka is heavily wounded.
The quokka bites you but does no damage.
The quokka closely misses you.
You riposte.
You closely miss the quokka.
The quokka is heavily wounded.
You closely miss the quokka.
The quokka is heavily wounded.
The quokka bites you but does no damage.
Your shield prevents you from hitting the quokka.
The quokka is heavily wounded.
The quokka bites you.
The quokka bites you but does no damage.
You closely miss the quokka.
The quokka is heavily wounded.
The quokka closely misses you. The quokka barely misses you.
You hit the quokka.
The quokka is almost dead.
The quokka barely misses you.
You riposte.
You miss the quokka.
The quokka is almost dead.
Sigmund barely misses you.
You closely miss the quokka.
The quokka is almost dead.
The quokka barely misses you. The quokka bites you.
Casting: Sandblast (safe; 1% risk of failure)
Confirm with . or Enter, or press ? or * to list all spells.
Aiming: Sandblast (safe; 1% risk of failure)
Press: ? - help, Shift-Dir - straight line, f - quokka
Aim: a quokka (almost dead)
Okay, then.
Casting: Sandblast (safe; 1% risk of failure)
Confirm with . or Enter, or press ? or * to list all spells.
Aiming: Sandblast (safe; 1% risk of failure)
Press: ? - help, Shift-Dir - straight line, f - quokka
Aim: a quokka (almost dead)
Okay, then.
Sigmund hits you with a scythe!
* * * LOW HITPOINT WARNING * * *
Sigmund hits you with a scythe!
* * * LOW HITPOINT WARNING * * *
The quokka barely misses you. The quokka closely misses you.
Eat a chunk of flesh? (ye/n/q)
You eat the chunk of flesh.
This raw flesh tastes great!
The quokka barely misses you.
You riposte.
You closely miss the quokka.
The quokka is almost dead.
Sigmund hits you from afar with a scythe!
You die...

### #.# .## #.# ..# ...
#.# ..# ### #.# #.# #.#
#.# #.#### #.# #.# #.....
#.# #.# # ##.## ########.#
#
#...####.@r@....#####.####
##
#.#......#######..........
.# #...###### #.###..####
.# ##### #.# # # .......
#)# # ####### #.# #
####### .# #.# # ......#
#.# #.# # #####.# #.# #..
#


You could see Sigmund and a quokka.

Vanquished Creatures
  An ice beast (D:4)
  2 ogres (D:4)
  2 scorpions (D:4)
  A crimson imp (D:5)
  A centaur zombie (D:5)
  An orc priest (D:4)
  5 orc wizards
  Terence (D:2)
  A killer bee zombie (D:5)
  A howler monkey skeleton (D:4)
  6 adders
  A shadow imp (D:5)
  2 oozes
  5 worms
  A dart slug (D:1)
  3 leopard geckos
  7 orcs
  A ball python (D:4)
  12 bats
  4 giant cockroaches
  13 hobgoblins
  4 jackals (D:1)
  A quokka (D:4)
  4 frilled lizards
  A giant cockroach zombie (D:5)
  4 goblins
  11 kobolds
  3 leopard gecko skeletons
  7 rats
106 creatures vanquished.

Notes
Turn   | Place    | Note
-------+----------+-------------------------------------------
     0 | D:1      | Amnesiac the Ghoul Earth Elementalist began the quest for
                  | the Orb.
     0 | D:1      | Reached XP level 1. HP: 14/14 MP: 2/2
   135 | D:1      | Reached XP level 2. HP: 15/20 MP: 4/4
   223 | D:2      | Learned a level 2 spell: Passwall
   362 | D:3      | Reached skill level 4 in Earth Magic
   393 | D:3      | Noticed Terence
   491 | D:3      | Reached XP level 3. HP: 23/26 MP: 3/5
   496 | D:3      | Learned a level 3 spell: Stone Arrow
   572 | D:3      | Noticed Sigmund
  1359 | D:4      | Reached XP level 4. HP: 8/32 MP: 4/6
  1803 | D:4      | Noticed an ice beast
  1865 | D:4      | Killed an ice beast
  1865 | D:4      | Reached skill level 1 in Shields
  1865 | D:4      | Reached skill level 5 in Earth Magic
  1865 | D:4      | Reached XP level 5. HP: 30/38 MP: 0/8
  2093 | D:4      | Noticed Ijyb
  2268 | D:4      | Reached XP level 6. HP: 32/45 MP: 0/9
  2380 | D:4      | Learned a level 5 spell: Lee's Rapid Deconstruction
  2757 | D:4      | Reached skill level 6 in Earth Magic
  3222 | D:5      | Entered Level 5 of the Dungeon
  3259 | D:5      | Reached XP level 7. HP: 21/50 MP: 0/11
  3719 | D:5      | Found a sacrificial altar of Ru.
  3817 | D:5      | Found a radiant altar of Vehumet.
  3857 | D:5      | Became a worshipper of Vehumet
  4927 | D:2      | Killed Terence
  4927 | D:2      | Reached skill level 7 in Earth Magic
  4951 | D:2      | Reached * piety under Vehumet
  4951 | D:2      | Offered knowledge of Magic Dart by Vehumet.
  5184 | D:2      | Found a glowing silver altar of Zin.
  5184 | D:2      | Found an opulent altar of Gozag.
  6278 | D:3      | Slain by Sigmund

Vault maps used:
D:1:      dpeg_arrival_court
D:2:      grunt_temple_overflow_gold_and_silver, hangedman_decor_growths,
          hangedman_decor_lopped
D:3:      first_ration, uniq_sigmund, uniq_terence
D:4:      uniq_ijyb
D:5:      old_standard_altar, kennysheep_flooded_box

Skill      XL: |  1  2  3  4  5  6  7 |
---------------+----------------------+-----
Spellcasting   | 2 3 4 |  4.0
Earth Magic    | 4 5 6 7 |  7.7
Shields        | 1 2 3 |  3.3
Dodging        | |  1.7
Stealth        | |  2.1
Transmutations | |  0.8

Action                   |  1- 3 |  4- 6 |  7- 9 || total
-------------------------+-------+-------+-------++-------
Melee: Unarmed           |    74 |       |       ||    74
       Falchion          |    38 |    56 |   212 ||   306
 Cast: Sandblast         |    14 |    36 |    15 ||    65
       Stone Arrow       |       |     8 |    28 ||    36
       Passwall          |       |     6 |    15 ||    21
  Use: Scroll            |     1 |     7 |     4 ||    12
 Stab: Sleeping          |     3 |     1 |     2 ||     6
  Eat: Chunk             |    19 |    11 |    23 ||    53
Armor: Robe              |    23 |    13 |    60 ||    96
Dodge: Dodged            |    88 |    50 |   191 ||   329
Block: Buckler           |     5 |    14 |    81 ||   100
       Rpst.: Falchion   |    11 |    13 |    58 ||    82

Table legend:
 A = Non-vault XP
 B = Vault XP
 C = Vault XP percentage of total XP
 D = Non-vault monster count
 E = Vault monster count
 F = Vault count percentage of total count
                 A         B        C        D         E       F
            +---------+---------+-------+---------+---------+-------
      Total |    1150 |      36 |   3.0 |     105 |       1 |   0.9
            +---------+---------+-------+---------+---------+-------
        D:1 |      50 |       0 |   0.0 |      27 |       0 |   0.0
        D:2 |      86 |      36 |  29.5 |      30 |       1 |   3.2
        D:3 |      49 |       0 |   0.0 |      14 |       0 |   0.0
        D:4 |     696 |       0 |   0.0 |      24 |       0 |   0.0
        D:5 |     269 |       0 |   0.0 |      10 |       0 |   0.0
            +---------+---------+-------+---------+---------+-------
